AoeStats
← Blazing Cartesia, The Virtuous

Arabia

507438691Analyzed
1v1 RM · 14d ago on Sep 18, 2026· 41m 34s· 2 players
Game mode
Random Map
Map size
Tiny (2 player)
Population
200
Speed
Normal
Resources
Standard
Victory
Conquest
Starting age
Dark Age
Ending age
Imperial Age
RankedLock teamsTeams togetherTeam positionsShared explorationLock speedFull tech treeHidden civsTurbo modeCheats
Victory
Defeat
1146
+15
🇨🇭 Britons · Switzerland
1125
-15
falstaff
2:36 Loom
10:07 Feudal Age
11:15 Double-Bit Axe
11:49 Fletching
12:25 Padded Archer Armor
13:19 Horse Collar
14:00 Town Watch
20:21 Gold Mining
23:41 Castle Age
22:02 Scale Mail Armor
23:51 Crossbowman
24:32 Bodkin Arrow
24:24 Pikeman
25:38 Bow Saw
31:50 Leather Archer Armor
32:08 Chain Mail Armor
36:54 Ballistics
40:39 Masonry
Blazing Cartesia, The Virtuous
6:16 Loom
9:51 Feudal Age
10:22 Double-Bit Axe
15:11 Scale Barding Armor
23:40 Castle Age
21:37 Horse Collar
22:01 Gold Mining
22:51 Bloodlines
24:50 Chain Barding Armor
24:46 Bow Saw
28:20 Husbandry
37:10 Stone Mining
37:44 Heavy Plow
44:14 Imperial Age
Connection lost

Rejoining the realm…

Still unreachable

The connection could not be restored.

Session expired

The server has moved on; the page needs a fresh start.